AoeStats
← JLlanqui

Arabia

509220358Analyzed
1v1 RM · 5d ago on Sep 25, 2026· 53m 12s· 2 players
Game mode
Random Map
Map size
Tiny (2 player)
Population
200
Speed
Normal
Resources
Standard
Victory
Conquest
Starting age
Dark Age
Ending age
Imperial Age
RankedLock teamsTeams togetherTeam positionsShared explorationLock speedFull tech treeHidden civsTurbo modeCheats
Victory
Defeat
🇨🇱 Berbers · Chile
1070
+15
🇨🇱 Shu · Chile
1051
-15
feli.inoman
7:51 Loom
10:32 Feudal Age
11:16 Double-Bit Axe
14:51 Fletching
15:44 Padded Archer Armor
22:45 Castle Age
21:25 Gold Mining
23:33 Bodkin Arrow
22:58 Crossbowman
24:05 Scale Mail Armor
23:30 Pikeman
28:47 Bow Saw
30:20 Leather Archer Armor
30:14 Squires
36:03 Chain Mail Armor
39:17 Imperial Age
39:37 Forging
39:46 Gambesons
39:51 Elite White Feather Guard
42:50 Coiled Serpent Array
43:31 Horse Collar
43:38 Town Watch
44:39 Conscription
45:44 Plate Mail Armor
46:48 Arbalester
JLlanqui
7:14 Loom
9:34 Feudal Age
10:35 Double-Bit Axe
11:36 Horse Collar
13:58 Fletching
15:33 Padded Archer Armor
21:45 Castle Age
21:23 Bloodlines
21:16 Gold Mining
21:43 Scale Barding Armor
24:54 Thumb Ring
27:44 Bodkin Arrow
29:03 Heavy Plow
29:38 Ballistics
29:47 Leather Archer Armor
32:15 Wheelbarrow
35:09 Imperial Age
35:07 Husbandry
36:10 Chain Barding Armor
35:57 Cavalier
39:29 Plate Barding Armor
39:25 Ring Archer Armor
38:51 Heated Shot
40:34 Bracer
43:10 Forging
42:35 Heavy Cavalry Archer
48:09 Light Cavalry
49:33 Hussar
Connection lost

Rejoining the realm…

Still unreachable

The connection could not be restored.

Session expired

The server has moved on; the page needs a fresh start.